 Dungeon Crawl Stone Soup version 0.19.4 (webtiles) character file.

289 Jerry the Shield-Bearer (level 6, -6/47 HPs)
             Began as a Formicid Fighter on Feb 5, 2017.
             Mangled by a six-headed hydra (10 damage)
             ... on level 6 of the Dungeon.
             The game lasted 00:04:02 (1894 turns).

Jerry the Shield-Bearer (Formicid Fighter)          Turns: 1894, Time: 00:04:02

Health: -6/47      AC:  7    Str: 21    XL:     6   Next: 57%
Magic:  6/6        EV:  8    Int:  9    God:
Gold:   195        SH: 10    Dex: 10    Spells: 0 memorised, 5 levels left

rFire  . . .     SeeInvis +     a - +0 war axe
rCold  + . .     Gourm    .     r - +0 scale mail {rC+}
rNeg   . . .     Faith    .     c - +0 shield
rPois  .         Spirit   .     (helmet unavailable)
rElec  .         Reflect  .     (no cloak)
rCorr  .         Harm     .     (no gloves)
MR     .....                    (no boots)
Stlth  ..........               (no amulet)
                                (no ring)
                                (no ring)

@: no status effects
A: permanent stasis, dig shafts and tunnels, four strong arms, antennae 3
a: Dig, Shaft Self


You were on level 6 of the Dungeon.
You were hungry.

You visited 1 branch of the dungeon, and saw 4 of its levels.

You collected 195 gold pieces.

Inventory:

Hand Weapons
 a - a +0 war axe (weapon)
Armour
 b - a +0 scale mail
 c - a +0 shield (worn)
 r - a +0 scale mail of cold resistance (worn)
Scrolls
 g - a scroll of noise {unknown}
 j - a scroll of blinking {unknown}
 n - a scroll of amnesia {unknown}
 p - a scroll of enchant armour {unknown}
Potions
 e - 2 potions of heal wounds {unknown}
 i - a potion of agility {unknown}
 k - 2 potions of flight {unknown}
 l - a potion of ambrosia {unknown}
 o - 2 potions of lignification {unknown}
 s - a potion of invisibility {unknown}
Comestibles
 d - 4 chunks of flesh
 f - 4 bread rations
 h - a meat ration
 m - a beef jerky


   Skills:
 - Level 3.2 Fighting
 * Level 4.8 Axes
 + Level 4.5 Armour
 + Level 5.2 Shields


You had 5 spell levels left.
You didn't know any spells.

Dungeon Overview and Level Annotations

Branches:
Dungeon (3/15)

Altars:

Annotations:
D:6 Dowan, Duvessa


Innate Abilities, Weirdness & Mutations

You are under a permanent stasis effect.
You can dig through walls and to a lower floor.
Your four strong arms can wield two-handed weapons with a shield.
You have a pair of large antennae on your head. (SInv)


Message History

The crimson imp hits you but does no damage.
The crimson imp hits you.
* * * LOW HITPOINT WARNING * * *
The ball python bites you but does no damage.
The ball python barely misses you.
The ball python bites you but does no damage.
You block the ball python's attack.
The ball python bites you but does no damage.
The ball python grabs you.
* * * LOW HITPOINT WARNING * * *
The ball python constricts you.
You escape the ball python's grasp.
You block the ogre's attack.
Dowan gestures wildly while chanting.
Dowan blinks!
Found a scroll labeled EWKELU BENE.
The six-headed hydra bites you.
* * * LOW HITPOINT WARNING * * *
The six-headed hydra bites you!
You die...

#......####.#
#.###..###{## #.#
#?.##.##
#.###.e#.#{##
#.......###.#
#####..#e#.##
#..##.##### #
##....OSO.#.##
#..Z.Y5D@...#
#..#.###.....?..
####''#######..####
#........# .?#
#..........# .#
#............# .#
..............# #
...............#
................#


You could see a six-headed hydra, Duvessa, an ice beast, 2 ogres, a crimson imp,
a ball python and a hound skeleton.

Vanquished Creatures
  The ghost of flsc the Skirmisher, an amateur MiBe of Trog (D:3)
  2 adders
  An ooze (D:1)
  A dart slug (D:1)
  An orc (D:3)
  3 giant cockroaches
  8 goblins
  3 hobgoblins
  2 jackals (D:3)
  A quokka (D:2)
  A ball python (D:2)
  5 bats
  3 frilled lizards
  5 kobolds
  3 rats
40 creatures vanquished.

Notes
Turn   | Place    | Note
-------+----------+-------------------------------------------
     0 | D:1      | Jerry the Formicid Fighter began the quest for the Orb.
     0 | D:1      | Reached XP level 1. HP: 18/18 MP: 1/1
   189 | D:1      | Reached XP level 2. HP: 24/24 MP: 2/2
   221 | D:1      | Reached skill level 4 in Shields
   535 | D:1      | Reached XP level 3. HP: 29/29 MP: 3/3
  1348 | D:2      | Reached XP level 4. HP: 35/35 MP: 4/4
  1406 | D:3      | Noticed flsc's ghost (amateur MiBe)
  1416 | D:3      | Killed flsc's ghost
  1416 | D:3      | Reached skill level 5 in Shields
  1416 | D:3      | Reached XP level 5. HP: 5/41 MP: 5/5
  1416 | D:3      | Reached XP level 6. HP: 6/47 MP: 6/6
  1758 | D:3      | Noticed an orc warrior
  1809 | D:3      | You fall through a shaft for 3 floors!
  1811 | D:6      | Noticed an ice beast
  1812 | D:6      | Noticed a six-headed hydra
  1824 | D:6      | Noticed Duvessa
  1825 | D:6      | Noticed Dowan
  1834 | D:6      | Noticed an ogre
  1837 | D:6      | Noticed an ogre
  1894 | D:6      | Mangled by a six-headed hydra

Skill      XL: |  1  2  3  4 |
---------------+-------------+-----
Shields        | 4 5 |  5.2
Axes           | 3 4 |  4.8
Armour         | 4 |  4.5
Fighting       | |  3.2

Action                   |  1- 3 |  4- 6 || total
-------------------------+-------+-------++-------
Melee: War axe           |    93 |    41 ||   134
 Abil: Dig               |     1 |     1 ||     2
       Shaft Self        |       |     1 ||     1
  Use: Potion            |       |     1 ||     1
  Eat: Chunk             |     1 |     2 ||     3
Armor: Scale mail        |    43 |    29 ||    72
Dodge: Dodged            |    37 |    23 ||    60
Block: Shield            |    49 |    36 ||    85
